 Dungeon Crawl Stone Soup version 0.31-a0-1-g4198be8af4 (webtiles) character file.

Game seed: 14353982977587574023

322 jimonade the Cudgeller (level 6, -11/48 HPs)
             Began as a Mummy Monk on May 2, 2023.
             Mangled by a wight
             ... wielding a +0 halberd
              (12 damage)
             ... on level 4 of the Dungeon.
             The game lasted 00:04:45 (2670 turns).

jimonade the Cudgeller (Mummy Monk)                 Turns: 2670, Time: 00:04:45

Health: -11/48     AC:  8    Str: 14    XL:     6   Next: 22%
Magic:  6/6        EV:  7    Int: 11    God:
Gold:   94         SH:  0    Dex: 15    Spells: 5/5 levels left

rFire   x . .        a - +2 whip (pain)
rCold   + . .        c - orb {light}
rNeg    + + +        u - +0 chain mail
rPois   ∞            (no helmet)
rElec   .            (no cloak)
rCorr   .            (no gloves)
SInv    .            (no boots)
Will    .....        (no amulet) Stlth
                     t - ring of flight
HPRegen 0.28/turn    (no ring)
MPRegen 0.10/turn

%: faith
@: flying, glowing
A: cold resistance 1, negative energy resistance 3, torment resistance 2, heat
vulnerability 1, in touch with death 1, no potions, faith
a: no special abilities


You were on level 4 of the Dungeon.
You visited 1 branch of the dungeon, and saw 4 of its levels.

You collected 94 gold pieces.

Inventory:

Hand Weapons
 a - a +2 whip of pain (weapon)
 d - a +3 dagger of draining
 j - a +0 mace
 k - a +4 dagger
Missiles
 e - 10 poisoned darts (quivered)
 i - 14 stones
Armour
 b - a +0 robe
 c - an orb of light (worn)
 n - a +0 plate armour
 s - a +0 ring mail
 u - a +0 chain mail (worn)
Jewellery
 o - a ring of ice
 t - a ring of flight (left hand)
Wands
 r - a wand of acid (7)
Scrolls
 f - a scroll of blinking {unknown}
 g - 2 scrolls of magic mapping {unknown}
 h - 2 scrolls of identify {unknown}
 l - a scroll of teleportation {unknown}
 m - a scroll of enchant weapon {unknown}
 p - 3 scrolls of fog {unknown}
 q - a scroll of silence {unknown}


   Skills:
 + Level 4.1 Fighting
 + Level 4.2 Maces & Flails
 + Level 2.1 Armour
 + Level 3.1 Dodging


You had 5 spell levels left.
You didn't know any spells.
Your spell library contained the following spells:

 Spells                   Type           Power      Damage    Failure   Level
 Lesser Beckoning         Tloc           0%         N/A       100%        2
 Gell's Gravitas          Tloc           0%         N/A       100%        3
 Teleport Other           Tloc           0%         N/A       100%        3


Dungeon Overview and Level Annotations

Branches:
Dungeon (4/15)
 Temple: D:4-7

Altars:

Shops:
D:1 [


Innate Abilities, Weirdness & Mutations

You are immune to poison.
Your flesh is cold resistant. (rC+)
You are immune to negative energy. (rN+++)
You are immune to unholy pain and torment.
You are vulnerable to heat. (rF-)
You are in touch with the powers of death.
You do not drink.
You have a special connection with the divine. (Faith)


Message History

Found a stone staircase leading down.
You reach down and open the door.
There is an open door here.
As you open the door, it creaks loudly!
Found 11 gold pieces.
An orc comes into view. It is wielding a +0 flail.
The orc moves out of view.
There is an open door here.
The orc barely misses you. The orc barely misses you.
You hit the orc.
The orc is almost dead.
You whack the orc!
You kill the orc!
No target in view!
Found a stone staircase leading down.
A hornet and a wight come into view.
The hornet buzzes angrily.
A wight comes into view. It is wielding a +0 falchion.
There are monsters nearby!
The wight hits you from afar with a +0 halberd.
The wight hits you with a +0 halberd!
You hit the wight.
The wight is lightly damaged.
The wight hits you with a +0 halberd!
You barely miss the wight.
The wight is lightly damaged.
The wight hits you with a +0 halberd!
You hit the wight.
The wight is lightly damaged.
The wight hits you with a +0 halberd.
* * * LOW HITPOINT WARNING * * *
You hit the wight.
The wight is lightly damaged.
The wight hits you with a +0 halberd!
* * * LOW HITPOINT WARNING * * *
You hit the wight.
The wight is moderately damaged.
The wight hits you with a +0 halberd!
You die...

........###
....###.# ##
#.# #.# #.# #.#
#.# #.# #@# #z#
z #y# .. #.#
..y #.# #..
##.#### ..
#.....#
#####.#######z#
.....>...yz...#


You could see a hornet and a wight.

Vanquished Creatures
  Sigmund (D:2)
  A scorpion (D:3)
  Jessica (D:3)
  3 adders
  6 orcs
  2 bats
  6 endoplasms
  2 giant cockroaches
  5 goblins
  3 hobgoblins
  6 jackals (D:1)
  2 ball pythons (D:1)
  5 kobolds
  7 rats (D:1)
50 creatures vanquished.

Notes
Turn   | Place    | Note
-------+----------+-------------------------------------------
     0 | D:1      | jimonade the Mummy Monk began the quest for the Orb.
     0 | D:1      | Reached XP level 1. HP: 18/18 MP: 1/1
   260 | D:1      | Reached XP level 2. HP: 23/24 MP: 2/2
   375 | D:1      | Found Puob's Armour Shoppe.
   931 | D:2      | Noticed Sigmund
  1172 | D:2      | Gained mutation: You are in touch with the powers of death.
                  | [Mummy growth]
  1172 | D:2      | Reached XP level 3. HP: 22/29 MP: 3/3
  1703 | D:3      | Reached XP level 4. HP: 35/36 MP: 4/4
  1994 | D:3      | Noticed Jessica
  2010 | D:3      | Killed Jessica
  2224 | D:3      | Noticed a scorpion
  2235 | D:3      | Killed a scorpion
  2236 | D:3      | Reached skill level 1 in Armour
  2236 | D:3      | Reached XP level 5. HP: 27/42 MP: 5/5
  2435 | D:2      | Killed Sigmund
  2436 | D:2      | Reached XP level 6. HP: 45/48 MP: 6/6
  2548 | D:2      | You are sucked into a shaft and drop 2 floors!
  2647 | D:4      | Noticed a hornet
  2669 | D:4      | HP: 1/48 [wight/+0 halberd (10)]
  2670 | D:4      | Mangled by a wight

Illustrated notes

Levels and vault maps discovered:
D:1:      psy_arrival_conway, layout_loops_ring, serial_shops, shop
D:2:      layout_loops_ring, basic_altar, minmay_lizard_king, uniq_sigmund
D:3:      minmay_skewed_foursquare, layout_basic, uniq_jessica
D:4:      gammafunk_wand_slinger, layout_basic,
          nicolae_hepliaklqana_hazy_memory, minmay_crystal_water

Skill      XL: |  1  2  3  4  5 |
---------------+----------------+-----
Maces & Flails | 3 4 |  4.2
Armour         | 1 2 |  2.1
Fighting       | 4 |  4.1
Dodging        | 3 |  3.1

Action                     |  1- 3 |  4- 6 || total
---------------------------+-------+-------++-------
  Melee: Mace              |    38 |       ||    38
         Whip              |    64 |    43 ||   107
 Armour: Robe              |     6 |       ||     6
         Plate armour      |    33 |     2 ||    35
         Chain mail        |       |     7 ||     7
  Dodge: Dodged            |    35 |    14 ||    49

Table legend: (Time is in decaauts)
 A = Elapsed time spent in this place.
 B = Non-inter-level travel time spent in this place.
 C = Inter-level travel time spent in this place.
 D = Time resting spent in this place.
 E = Time spent auto-exploring this place.
 F = Levels seen in this place.
 G = Mean time per level.
                   A        B        C        D        E       F      G
               +--------+--------+--------+--------+--------+-----+--------+
         Total |   2685 |   2554 |    131 |    316 |   1438 |   4 |  671.2 |
       Dungeon |   2685 |   2554 |    131 |    316 |   1438 |   4 |  671.2 |
               +--------+--------+--------+--------+--------+-----+--------+

Top non-repeatable levels by time:
     D:3: 1176 daAuts
     D:1: 995 daAuts
     D:2: 391 daAuts
     D:4: 121 daAuts
